 Dungeon Crawl Stone Soup version bcrawl-1.34.5 (webtiles) character file.

Game seed: 16827650452558092046

397985 hofbold the Geomancer (level 11, 0/94 HPs)
             Began as a Sand Dwarf Earth Elementalist on Dec 6, 2021.
             Was a Believer of Nemelex Xobeh.
             Slain by a komodo dragon (14 damage)
             ... on level 1 of the Lair of Beasts.
             The game lasted 00:27:40 (10361 turns).

hofbold the Geomancer (SDEE)                       Turns: 10361, Time: 00:27:40

Health: 0/94       AC: 20    Str: 14    XL:     11   Next: 97%
Magic:  5/21       EV: 15    Int: 15    God:    Nemelex Xobeh [**....]
Gold:   1037       SH:  0    Dex: 11    Spells: 11/23 levels left

rFire    + . .     SeeInvis +   j - +9 mace of Boychah {crush, *Drain rPois MR++ Int-3}
rCold    . . .     Gourm    +   (shield restricted)
rNeg     . . .     Faith    .   B - +3 chain mail {rF+}
rPois    +         Spirit   .   h - +1 helmet
rElec    .         Reflect  .   (no cloak)
rCorr    .         Harm     .   H - +0 pair of gloves
MR       +++..                  n - +1 pair of boots
Stlth    ..........             K - amulet of the gourmand
HPRegen  0.25/turn              t - ring of see invisible
MPRegen  0.17/turn              k - +4 ring of evasion

@: about to teleport, slow
A: small, slowness 1, armour attunement
a: Draw Escape, Draw Destruction, Draw Summoning, Triple Draw, Renounce Religion


You were on level 1 of the Lair of Beasts.
You worshipped Nemelex Xobeh.
Nemelex Xobeh was pleased with you.
You were very full.

You visited 3 branches of the dungeon, and saw 11 of its levels.

You collected 1037 gold pieces.

Inventory:

Hand Weapons
 j - the +9 mace of Boychah (weapon) {crush, *Drain rPois MR++ Int-3}
   (You found it on level 7 of the Dungeon)

   It will always inflict at least some extra damage.
   This minimum extra damage increases with your current reserve of magical
   power.
   It affects your intelligence (-3).
   It protects you from poison.
   It affects your resistance to hostile enchantments.
   It causes draining when unequipped.
 v - a +2 flail of draining
 x - a +2 spear of venom
 F - the +3 mace of the Howling Ass {freeze, rElec rPois Str+9 Int-5, unknown}
   (You found it on level 7 of the Dungeon)

   It has been specially enchanted to freeze those struck by it, increasing
   damage dealt by approximately one third against foes not resistant or
   susceptible to cold, and potentially slowing cold-blooded foes.
   It affects your strength (+9).
   It affects your intelligence (-5).
   It insulates you from electricity.
   It protects you from poison.
 I - the +6 mace of Makhleb's Castigation {flame, *Slow rPois Dex+6, unknown}
   (You found it on level 7 of the Dungeon)

   It has been specially enchanted to surge with flame as it hits, increasing
   damage dealt by approximately one third against foes not resistant or
   susceptible to fire.
   It affects your dexterity (+6).
   It protects you from poison.
   It may slow you when you take damage.
 J - the +8 mace "Grim" {crush, +Blink Str+2 Int-2 Dex+4, unknown}
   (You found it on level 7 of the Dungeon)

   It will always inflict at least some extra damage.
   This minimum extra damage increases with your current reserve of magical
   power.
   It affects your strength (+2).
   It affects your intelligence (-2).
   It affects your dexterity (+4).
   It lets you blink.
 M - the +6 flail of Earthquakes {vamp, rElec MR- Str-5 SInv, unknown}
   (You found it on level 7 of the Dungeon)

   It inflicts no extra harm, but heals its wielder when it wounds a living foe.
   It affects your strength (-5).
   It insulates you from electricity.
   It affects your resistance to hostile enchantments.
   It lets you see invisible.
 Q - a +4 quarterstaff of chaos
Missiles
 b - 399 stones (quivered)
 L - 110 poisoned tomahawks
Armour
 h - a +1 helmet (worn)
 i - the +3 leather armour "Zihoses" {rF++, unknown}
   (You found it on level 8 of the Dungeon)

   It greatly protects you from fire.
 n - a +1 pair of boots (worn)
 B - a +3 chain mail of fire resistance (worn)
 H - a +0 pair of gloves (worn)
 P - a +2 cloak
 S - a +0 cloak
Jewellery
 k - a +4 ring of evasion (right hand)
 t - a ring of see invisible (left hand)
 C - an uncursed amulet of faith {unknown}
 K - an amulet of the gourmand (around neck)
 T - a +5 amulet of reflection {unknown}
Wands
 y - a wand of disintegration (8)
 A - a wand of polymorph (10)
 R - a wand of iceblast (7)
Scrolls
 f - 5 scrolls of immolation
 l - a scroll of enchant weapon
 r - 2 scrolls of teleportation
 s - 2 scrolls of amnesia
 G - 2 scrolls of remove curse
Potions
 a - 3 potions of mutation {unknown}
 c - a potion of agility {unknown}
 d - 4 potions of curing
 g - a potion of might {unknown}
 m - 3 potions of brilliance {unknown}
 o - 5 potions of resistance {unknown}
 p - 3 potions of magic {unknown}
 q - 2 potions of flight {unknown}
 u - a potion of invisibility {unknown}
 w - a potion of degeneration {unknown}
 z - 3 potions of berserk rage {unknown}
 D - 2 potions of cancellation {unknown}
 E - 2 potions of heal wounds {unknown}
 N - a potion of haste {unknown}
 O - a potion of ambrosia {unknown}
Comestibles
 e - 20 rations {!d}
 U - 9 chunks of flesh


   Skills:
 + Level 8.1 Fighting
 + Level 8.2 Maces & Flails
 + Level 8.3 Armour
 + Level 6.0 Dodging
 - Level 1.5 Stealth
 - Level 1.1 Unarmed Combat
 + Level 6.6 Spellcasting
 + Level 4.2 Transmutations
 + Level 9.1 Earth Magic
 + Level 3.9 Invocations
 + Level 7.8 Evocations


You had 11 spell levels left.
You knew the following spells:

 Your Spells              Type           Power        Failure   Level  Hunger
a - Sandblast             Erth           ####..       1%          1    None
b - Lee's Rapid Deconstr  Erth           ####......   9%          5    #####..
c - Petrify               Tmut/Erth      ####......   9%          4    ####...
w - Passwall              Tmut/Erth      ####....     1%          2    None

Your spell library contained the following spells:

 Spells                   Type           Power        Failure   Level  Hunger
 Stone Arrow              Conj/Erth      ###...       6%          3    #......
 Iskenderun's Battlesphe  Conj/Chrm      #.......     98%         5    #####..
 Piercing Shot            Chrm           #.........   98%         5    #####..
 Silence                  Hex/Air        #.........   98%         5    #####..
 Deflect Missiles         Chrm/Air       #.........   100%        6    ######.
 Infestation              Hex/Tmut/Pois  #........    100%        6    ######.
 Discord                  Hex            #.........   100%        7    #######


Dungeon Overview and Level Annotations

Branches:
Dungeon (9/12)             Temple (1/1) D:5            Lair (1/6) D:7
    Orc: D:8-11

Altars:
Ashenzari
Cheibriados
Dithmenos
Elyvilon
Fedhas
Gozag
Kikubaaqudgha
Makhleb
Nemelex Xobeh
Okawaru
Qazlal
Ru
Sif Muna
Trog
Uskayaw
Wu Jian
Xom
Zin
The Shining One
Beogh

Shops:
D:5 [

Annotations:
D:5 3 runed translucent doors, exe1's ghost, novice EnAc


Innate Abilities, Weirdness & Mutations

You are small and have problems with some larger weapons.
You cover ground slowly.
Armour does not affect your spellcasting.


Message History

Confirm with . or Enter, or press ? or * to list all spells.
You don't have enough magic to cast that spell.
Evoke which item? (* to show all) (? for menu, Esc to quit)
Aiming: Disintegrate
Press: ? - help, Shift-Dir - straight line
Okay, then.
The komodo dragon bites you!
* * * LOW HITPOINT WARNING * * *
Evoke which item? (* to show all) (? for menu, Esc to quit)
Aiming: Disintegrate
Press: ? - help, Shift-Dir - straight line, f - komodo dragon
Aim: a komodo dragon (heavily wounded, chance to defeat MR: 76%) That beam is likely to hit you.
Continue anyway?
Okay, then.
You feel better.
The komodo dragon bites you but does no damage.
As you read the scroll of teleportation, it crumbles to dust.
You feel strangely unstable. The komodo dragon bites you!
You die...
Your body disappears without a glow.

#....# #....# #....#
### ##+### ###
##.####....####.##
#.................
#...รท.....##.##.##
##.#.#..###....#.#
#.@#.......#.##..#
#.l####.#...# ##.#
#..#.#.#.##.###..#
##..##..##.####...#
#....#........###.##
##...####....#..#...
##..#.####..#.##.##.
#..........#.#..#...
##...###.##.#.#####.


You could see a komodo dragon.

Vanquished Creatures
  A hydra (D:8)
  A centaur warrior (D:9)
  A two-headed ogre (D:8)
  A centaur zombie (D:7)
  A black mamba (Lair:1)
  A cane toad (Lair:1)
  2 komodo dragons (Lair:1)
  A troll (D:8)
  2 dream sheep (D:8)
  3 hippogriffs
  Sigmund (D:3)
  14 yaks
  A golden eye (D:5)
  3 basilisks
  A hungry ghost (D:9)
  Menkaure (D:7)
  Edmund (D:4)
  3 crocodiles
  3 water moccasins (Lair:1)
  2 porcupines (Lair:1)
  A black bear (D:7)
  An ice beast (D:8)
  4 orc warriors
  A phantom (D:5)
  3 ogres
  6 bullfrogs
  4 big kobolds (D:8)
  A gnoll sergeant (D:4)
  4 scorpions
  4 orc priests
  4 jellies
  4 crimson imps
  2 quasits
  A bullfrog zombie (D:5)
  5 hounds
  A bullfrog skeleton (D:5)
  9 orc wizards
  Crazy Yiuf (D:7)
  Ijyb (D:4)
  5 iguanas
  7 worker ants
  Natasha (thrice) (D:3)
  2 hound skeletons
  A howler monkey zombie (D:6)
  Robin (D:3)
  2 worker ant zombies (D:5)
  9 gnolls
  11 adders
  2 shadow imps (D:5)
  An ooze (D:3)
  An adder skeleton (D:4)
  2 worms
  4 dart slugs
  5 leopard geckos
  28 orcs
  2 giant cockroaches
  12 goblins
  12 hobgoblins
  11 jackals
  11 kobolds
  3 quokkas
  2 ball pythons
  8 bats
  5 frilled lizards
  2 quokka skeletons
  10 rats
263 creatures vanquished.

Vanquished Creatures (collateral kills)
  An elephant (D:7)
  2 yaks (Lair:1)
3 creatures vanquished.

Vanquished Creatures (others)
  A fungus (Lair:1)
  7 plants
8 creatures vanquished.

Grand Total: 274 creatures vanquished

Notes
Turn   | Place    | Note
-------+----------+-------------------------------------------
     0 | D:1      | hofbold the Sand Dwarf Earth Elementalist began the quest
                  | for the Orb.
     0 | D:1      | Reached XP level 1. HP: 14/14 MP: 3/3
   192 | D:1      | Reached XP level 2. HP: 21/22 MP: 3/5
   266 | D:1      | Reached skill level 1 in Armour
   274 | D:1      | Reached skill level 1 in Fighting
   370 | D:1      | Reached XP level 3. HP: 24/28 MP: 2/6
   468 | D:1      | Reached skill level 4 in Earth Magic
   825 | D:1      | Learned a level 2 spell: Passwall
   965 | D:2      | Reached XP level 4. HP: 35/35 MP: 0/7
  1705 | D:3      | Reached XP level 5. HP: 41/41 MP: 7/9
  1815 | D:3      | Noticed Sigmund
  1820 | D:3      | Killed Sigmund
  1821 | D:3      | Reached XP level 6. HP: 43/51 MP: 5/10
  1860 | D:3      | Reached skill level 5 in Earth Magic
  2023 | D:3      | Found a faded altar of an unknown god.
  2052 | D:3      | Noticed Robin
  2056 | D:3      | Noticed Natasha
  2068 | D:3      | Killed Natasha
  2176 | D:3      | Found a sacrificial altar of Ru.
  2324 | D:3      | Reached XP level 7. HP: 51/57 MP: 12/12
  2353 | D:3      | Killed Robin
  2778 | D:3      | Noticed Natasha
  2782 | D:3      | Killed Natasha
  2973 | D:3      | Reached skill level 1 in Evocations
  3470 | D:3      | Noticed Natasha
  3476 | D:3      | Killed Natasha
  3958 | D:4      | Noticed Edmund
  3973 | D:4      | Killed Edmund
  3974 | D:4      | Reached XP level 8. HP: 39/66 MP: 3/13
  4369 | D:4      | Reached skill level 1 in Maces & Flails
  4497 | D:4      | Noticed Ijyb
  4512 | D:4      | Killed Ijyb
  4684 | D:4      | Reached skill level 6 in Earth Magic
  4849 | D:5      | Entered Level 5 of the Dungeon
  4871 | D:5      | Found a snail-covered altar of Cheibriados.
  4901 | D:5      | Noticed Prince Ribbit
  5340 | D:5      | Reached skill level 5 in Fighting
  5340 | D:5      | Reached skill level 5 in Armour
  5371 | D:5      | Noticed Prince Ribbit
  5371 | D:5      | Prince Ribbit changed into Prince Ribbit the golden eye
  5375 | D:5      | Killed Prince Ribbit the golden eye
  5452 | D:5      | Reached XP level 9. HP: 59/74 MP: 14/16
  5461 | D:5      | Learned a level 5 spell: Lee's Rapid Deconstruction
  5466 | D:5      | Learned a level 4 spell: Petrify
  5569 | D:5      | Reached skill level 1 in Transmutations
  5715 | D:5      | Found Keawugi's Antique Armour Boutique.
  5796 | D:5      | Found a staircase to the Ecumenical Temple.
  5801 | Temple   | Entered the Ecumenical Temple
  6091 | D:5      | Found a runed translucent gate.
  6091 | D:5      | Noticed exe1's ghost (novice EnAc)
  6115 | D:5      | Found a runed translucent gate.
  6116 | D:5      | Found a runed translucent gate.
  6122 | D:5      | Found a roughly hewn altar of Beogh.
  6496 | D:6      | Found a sparkling altar of Nemelex Xobeh.
  6539 | D:6      | Reached skill level 5 in Spellcasting
  6539 | D:6      | Reached skill level 7 in Earth Magic
  6733 | D:5      | Reached skill level 5 in Evocations
  7088 | D:6      | Became a worshipper of Nemelex Xobeh the Trickster
  7102 | D:6      | Found a white marble altar of Elyvilon.
  7252 | D:6      | Received a gift from Nemelex Xobeh
  7407 | D:7      | Reached skill level 5 in Maces & Flails
  7431 | D:7      | Found a runed door.
  7433 | D:7      | Got a steaming mace
  7436 | D:7      | Got a fading mace
  7440 | D:7      | Got a masterwork mace
  7450 | D:7      | Got a steaming mace
  7544 | D:7      | Noticed Menkaure
  7557 | D:7      | Killed Menkaure
  7587 | D:7      | Found a staircase to the Lair.
  7587 | D:7      | Noticed an elephant
  7707 | D:7      | Reached XP level 10. HP: 83/83 MP: 13/18
  7737 | D:7      | Reached skill level 1 in Invocations
  7750 | D:7      | Killed an elephant
  7818 | D:7      | Got a crude flail
  7819 | D:7      | Identified the +9 mace of Boychah {crush, *Drain rPois MR++
                  | Int-3} (You found it on level 7 of the Dungeon)
  8040 | D:7      | Reached * piety under Nemelex Xobeh
  8205 | D:7      | Noticed Crazy Yiuf
  8213 | D:7      | Killed Crazy Yiuf
  8345 | D:8      | Reached skill level 5 in Dodging
  8389 | D:8      | Reached skill level 8 in Earth Magic
  8484 | D:8      | Noticed a two-headed ogre
  8501 | D:8      | Killed a two-headed ogre
  8521 | D:8      | Reached XP level 11. HP: 79/92 MP: 6/20
  8680 | D:8      | Noticed a two-headed hydra
  8687 | D:8      | Killed a two-headed hydra
  8797 | D:8      | Received a gift from Nemelex Xobeh
  8996 | D:8      | Got a faintly glowing leather armour
  9415 | D:9      | Noticed a centaur warrior
  9437 | D:9      | Killed a centaur warrior
  9544 | Lair:1   | Entered Level 1 of the Lair of Beasts
  9639 | Lair:1   | Reached ** piety under Nemelex Xobeh
  9847 | Lair:1   | Received a gift from Nemelex Xobeh
 10130 | Lair:1   | Reached skill level 9 in Earth Magic
 10359 | Lair:1   | HP: 3/94 [komodo dragon (7)]
 10361 | Lair:1   | Slain by a komodo dragon

Skill      XL: |  1  2  3  4  5  6  7  8  9 10 11 |
---------------+----------------------------------+-----
Armour         | 1 2 3 4 5 6 7 8 |  8.3
Fighting       | 1 2 3 4 5 6 7 8 |  8.1
Earth Magic    | 4 5 6 7 8 9 |  9.1
Dodging        | 2 3 4 5 6 |  6.0
Spellcasting   | 3 4 5 6 |  6.6
Evocations     | 2 4 5 6 7 |  7.8
Maces & Flails | 3 5 6 8 |  8.2
Transmutations | 2 3 4 |  4.2
Invocations    | 2 3 |  3.9
Stealth        | |  1.5
Unarmed Combat | |  1.1

Action                   |  1- 3 |  4- 6 |  7- 9 | 10-12 || total
-------------------------+-------+-------+-------+-------++-------
Melee: Unarmed           |     8 |       |       |       ||     8
       Dagger            |    11 |       |       |       ||    11
       Short sword       |    20 |   118 |    78 |       ||   216
       Spear             |       |       |    28 |       ||    28
       Flail             |       |       |   346 |    19 ||   365
       Mace              |       |       |       |   288 ||   288
       Punch             |       |       |       |     1 ||     1
Throw: Stone             |     7 |     3 |     8 |     1 ||    19
 Cast: Sandblast         |    41 |    40 |    90 |    29 ||   200
       Lee's Rapid Decon |       |       |     3 |    13 ||    16
       Petrify           |       |       |       |     3 ||     3
 Abil: Draw Summoning    |       |       |       |     3 ||     3
       Draw Destruction  |       |       |       |     1 ||     1
Evoke: Wand              |       |     6 |    22 |     3 ||    31
  Use: Scroll            |     4 |     3 |    10 |     5 ||    22
       Potion            |       |       |     2 |     1 ||     3
 Stab: Sleeping          |       |       |     1 |       ||     1
       Petrified         |       |       |       |    12 ||    12
  Eat: Chunk             |     2 |     9 |    33 |    29 ||    73
       Ration            |       |       |     1 |     3 ||     4
Armor: Ring mail         |    19 |    32 |    86 |       ||   137
       Robe              |     1 |       |       |       ||     1
       Chain mail        |       |       |   269 |   161 ||   430
Dodge: Dodged            |    58 |    98 |   364 |   243 ||   763
